 Dungeon Crawl Stone Soup version 0.23.2-40-g277498a001 (webtiles) character file.

Game seed: 9519062564061507859

368 Amplified the Skirmisher (level 6, -14/57 HPs)
             Began as a Minotaur Chaos Knight on Oct 17, 2019.
             Was a Plaything of Xom.
             Killed by divine providence
             ... invoked by an orc priest
              (15 damage)
             ... on level 4 of the Dungeon.
             The game lasted 00:02:54 (1919 turns).

Amplified the Skirmisher (Minotaur Chaos Knight)    Turns: 1919, Time: 00:02:54

Health: -14/57     AC:  6    Str: 16      XL:     6   Next: 41%
Magic:  5/5        EV: 12    Int: 16      God:    Xom [.....*]
Gold:   116        SH:  0    Dex:  9 (10) Spells: 5/5 levels left

rFire    . . .     SeeInvis .   h - +2 hand axe (vamp)
rCold    . . .     Gourm    .   (no shield)
rNeg     . . .     Faith    .   b - +2 leather armour
rPois    .         Spirit   .   (helmet restricted)
rElec    .         Reflect  .   (no cloak)
rCorr    .         Harm     .   f - +0 pair of gloves
MR       .....                  (no boots)
Stlth    +.........             (no amulet)
HPRegen  0.19/turn              (no ring)
MPRegen  0.09/turn              (no ring)

@: brilliant, lethally poisoned (-14 -> -15)
A: retaliatory headbutt, horns 2, deterioration 2, MP-powered wands
a: Renounce Religion


You were on level 4 of the Dungeon.
You worshipped Xom.
You were Xom's teddy bear.
You were not hungry.

You visited 1 branch of the dungeon, and saw 4 of its levels.

You collected 116 gold pieces.

Inventory:

Hand Weapons
 a - a +0 hand axe of chaos
 h - a +2 vampiric hand axe (weapon)
Armour
 b - a +2 leather armour (worn)
 f - a +0 pair of gloves (worn)
Scrolls
 d - a scroll of fog
 i - a scroll of immolation
 j - a scroll of magic mapping
Potions
 e - a potion of brilliance
Comestibles
 c - 4 rations
 g - 5 chunks of flesh


   Skills:
 * Level 6.0 Fighting
 * Level 5.7 Axes
 + Level 4.0 Armour
 + Level 2.8 Dodging


You had 5 spell levels left.
You didn't know any spells.
Your spell library was empty.

Dungeon Overview and Level Annotations

Branches:
Dungeon (4/15)
 Temple: D:4-7

Altars:


Innate Abilities, Weirdness & Mutations

You reflexively headbutt those who attack you in melee.
You have a pair of horns on your head.
Your body often deteriorates upon taking damage.
You expend magic power (3 MP) to strengthen your wands.


Message History

Unknown command.
Okay, then.
Okay, then.
* * * LOW HITPOINT WARNING * * *
You feel sick.
The orc priest begins to cast a cantrip, but forgets the words!
You hit the orc priest.
You headbutt the orc priest, but do no damage.
The orc priest is lightly wounded.
The orc priest closely misses you. You furiously retaliate!
You headbutt the orc priest.
Unknown command.
You barely miss the orc priest.
The orc priest is moderately wounded.
* * * LOW HITPOINT WARNING * * *
You feel sick.
The orc priest calls down the wrath of Beogh upon you.
Beogh smites you!
You die...
Xom roars with laughter!

#..... .. #..... .. #..... #.#
#..... #o##### .....J. #.....#
##..... ......#.. ##...#
.#o...#.# #.#.# ##?......#
##.#@...#.# #.?......#
#..#......# #........#
##.##.....##
........###..#......##
#.....#.....##......)#######.#
##..................)).........
#...................###..####.
........#####...##### ##.#
.........####..#########.#


You could see an orc priest and an orc.

Vanquished Creatures
  Sigmund (D:3)
  2 worker ants (D:4)
  6 adders
  3 worms
  A leopard gecko (D:1)
  18 orcs
  3 ball pythons
  7 giant cockroaches
  9 hobgoblins
  3 jackals (D:3)
  2 quokkas
  A ball python skeleton (D:4)
  9 bats
  3 frilled lizards (D:1)
  9 goblins
  10 kobolds
  8 rats
95 creatures vanquished.

Notes
Turn   | Place    | Note
-------+----------+-------------------------------------------
     0 | D:1      | Amplified the Minotaur Chaos Knight began the quest for the
                  | Orb.
     0 | D:1      | Reached XP level 1. HP: 19/19 MP: 0/0
   100 | D:1      | Reached skill level 4 in Fighting
   130 | D:1      | Reached XP level 2. HP: 21/27 MP: 1/1
   283 | D:1      | XOM: give mutations
   283 | D:1      | Gained mutation: You expend magic power (3 MP) to
                  | strengthen your wands. [Xom's mischief]
   283 | D:1      | Gained mutation: Your body sometimes deteriorates upon
                  | taking damage. [Xom's mischief]
   283 | D:1      | Gained mutation: Your body often deteriorates upon taking
                  | damage. [Xom's mischief]
   536 | D:1      | XOM: summons 3 hostile shadow creatures
   600 | D:1      | XOM: noise
   700 | D:2      | Reached XP level 3. HP: 28/34 MP: 2/2
  1367 | D:3      | Reached XP level 4. HP: 41/41 MP: 3/3
  1463 | D:3      | XOM: mild Hex miscast
  1464 | D:3      | XOM: harmless Necr miscast
  1471 | D:3      | Noticed Sigmund
  1472 | D:3      | Reached skill level 5 in Fighting
  1483 | D:3      | Killed Sigmund
  1483 | D:3      | Reached skill level 5 in Axes
  1483 | D:3      | Reached XP level 5. HP: 37/50 MP: 4/4
  1483 | D:3      | Reached XP level 6. HP: 43/57 MP: 5/5
  1884 | D:4      | XOM: 3-stop teleportation journey
  1899 | D:4      | Reached skill level 6 in Fighting
  1915 | D:4      | HP: 2/57 [poisoned by a worker ant]
  1919 | D:4      | Killed from afar by an orc priest

Skill      XL: |  1  2  3  4  5  6 |
---------------+-------------------+-----
Fighting       | 4 5 6 |  6.0
Axes           | 4 5 |  5.7
Armour         | 3 4 |  4.0
Dodging        | 2 |  2.8

Action                   |  1- 3 |  4- 6 || total
-------------------------+-------+-------++-------
Melee: Hand axe          |    90 |   117 ||   207
       Headbutt          |    14 |    14 ||    28
  Use: Potion            |     2 |     5 ||     7
       Scroll            |     1 |     8 ||     9
 Stab: Paralysed         |     3 |     7 ||    10
       Petrifying        |     2 |       ||     2
       Confused          |     1 |       ||     1
  Eat: Chunk             |       |     2 ||     2
       Ration            |       |     2 ||     2
Armor: Leather armour    |    33 |    37 ||    70
Dodge: Dodged            |    54 |    79 ||   133
